[ AOE2 MATCH · #505124391 ]
UnrankedBulgarians vs Hindustanis
Player's team · LOSS
[ REPLAY ANALYSIS · EXTRACTED FROM THE RECORDED GAME ]
Feudal
15:12
Castle
18:49
Imperial
—
| APM avg | 35.9 |
| APM peak | 88 |
| eAPM avg | 17.1 |
| Villagers / military | 83 / 72 |
Focus
⚔️ 31.1% · 🌾 68.9%
Konnik ×62 · Battering Ram ×4 · Monk ×3 · Petard ×2 · Fishing Ship ×2 · Galley ×1
Feudal
15:58
Castle
21:10
Imperial
36:47
| APM avg | 69.7 |
| APM peak | 105 |
| eAPM avg | 44.4 |
| Villagers / military | 139 / 144 |
Focus
⚔️ 18.0% · 🌾 82.0%
Camel Scout ×109 · Ghulam ×21 · Fishing Ship ×17 · Monk ×7 · Unknown (2626) ×7 · Galley ×5
Match map
Initial resources + every placement click. Lines = walls · curves = elevation contours. ◆ gold · ⬟ stone · ● berries · ✦ relic · ◌ wall gap
Your base· Open — unwalled flank
WryPig's base· Open — 5t gap
Smoothed initial terrain · ◌ = detected wall gap · hover for details
Inputs per minute
— Dr Zenit - - WryPig
Build order — Dr Zenit
First 150 of 205 actions detected
| 0:15 | Build | Town Center |
| 0:22 | Build | House |
| 0:23 | Build | House |
| 2:03 | Build | Dock |
| 2:26 | Queue | Villager (Male) |
| 2:26 | Queue | Villager (Male) |
| 2:26 | Queue | Villager (Male) |
| 2:27 | Queue | Villager (Male) |
| 4:06 | Research | Loom |
| 5:05 | Queue | Fishing Ship |
| 5:29 | Build | Palisade Wall |
| 5:42 | Queue | Villager (Male) |
| 5:50 | Queue | Villager (Male) |
| 5:55 | Build | House |
| 6:14 | Queue | Villager (Male) |
| 6:51 | Build | Palisade Gate |
| 7:01 | Queue | Villager (Male) |
| 7:02 | Queue | Villager (Male) |
| 7:25 | Build | Palisade Gate |
| 7:45 | Queue | Villager (Male) |
| 7:51 | Build | House |
| 8:19 | Queue | Villager (Male) |
| 8:45 | Queue | Villager (Male) |
| 8:45 | Queue | Villager (Male) |
| 9:00 | Queue | Villager (Male) |
| 9:36 | Build | House |
| 9:37 | Queue | Villager (Male) |
| 9:46 | Build | House |
| 10:10 | Build | Mill |
| 10:28 | Queue | Villager (Male) |
| 10:29 | Queue | Villager (Male) |
| 10:42 | Queue | Fishing Ship |
| 11:15 | Queue | Villager (Male) |
| 11:32 | Build | House |
| 11:38 | Queue | Villager (Male) |
| 12:07 | Queue | Villager (Male) |
| 12:37 | Queue | Villager (Male) |
| 12:37 | Queue | Villager (Male) |
| 12:37 | Queue | Villager (Male) |
| 12:51 | Research | Feudal Age |
| 14:04 | Build | Mill |
| 14:17 | Build | House |
| 14:24 | Queue | Villager (Male) |
| 14:34 | Build | House |
| 15:00 | Build | House |
| 15:12 | Age | Feudal Age |
| 15:19 | Build | Market |
| 15:26 | Build | Blacksmith |
| 15:36 | Queue | Villager (Male) |
| 15:42 | Queue | Unit 2626 |
| 16:09 | Research | Castle Age |
| 16:22 | Build | House |
| 16:42 | Build | Lumber Camp |
| 18:39 | Research | Double-Bit Axe |
| 18:49 | Age | Castle Age |
| 18:58 | Build | Krepost |
| 19:10 | Queue | Villager (Male) |
| 19:12 | Research | Wheelbarrow |
| 19:26 | Build | Mining Camp |
| 19:46 | Queue | Villager (Male) |
| 20:16 | Queue | Konnik |
| 20:31 | Queue | Konnik |
| 20:37 | Queue | Villager (Male) |
| 20:56 | Build | Krepost |
| 21:07 | Queue | Konnik |
| 21:26 | Queue | Villager (Male) |
| 21:34 | Queue | Galley |
| 21:44 | Queue | Villager (Male) |
| 21:49 | Queue | Villager (Male) |
| 22:05 | Queue | Petard |
| 22:09 | Build | Mining Camp |
| 22:10 | Queue | Villager (Male) |
| 22:14 | Queue | Villager (Male) |
| 22:53 | Queue | Konnik ×3 |
| 23:11 | Build | Town Center |
| 23:44 | Queue | Petard |
| 23:52 | Build | Farm |
| 23:52 | Build | Farm |
| 23:52 | Build | Farm |
| 23:53 | Build | Farm |
| 23:53 | Build | Farm |
| 23:53 | Build | Farm |
| 23:53 | Build | Farm |
| 24:07 | Queue | Konnik |
| 24:22 | Queue | Villager (Male) |
| 24:26 | Queue | Konnik |
| 24:53 | Queue | Villager (Male) |
| 24:53 | Queue | Villager (Male) |
| 25:16 | Queue | Villager (Male) |
| 25:18 | Queue | Villager (Male) |
| 25:35 | Queue | Villager (Male) |
| 25:35 | Queue | Villager (Male) |
| 25:37 | Build | Farm |
| 25:37 | Build | Farm |
| 25:37 | Build | Farm |
| 25:38 | Build | Farm |
| 25:38 | Build | Farm |
| 25:38 | Build | Farm |
| 26:05 | Queue | Konnik ×2 |
| 26:06 | Queue | Villager (Male) |
| 26:07 | Queue | Villager (Male) |
| 26:13 | Build | Farm |
| 26:13 | Build | Farm |
| 26:14 | Build | Farm |
| 26:14 | Build | Farm |
| 26:14 | Build | Farm |
| 26:23 | Queue | Villager (Male) |
| 26:24 | Queue | Villager (Male) |
| 26:24 | Queue | Villager (Male) |
| 26:47 | Queue | Konnik ×2 |
| 26:52 | Queue | Villager (Male) |
| 26:52 | Queue | Villager (Male) |
| 26:53 | Queue | Villager (Male) |
| 27:15 | Queue | Villager (Male) |
| 27:15 | Queue | Villager (Male) |
| 27:30 | Queue | Konnik ×3 |
| 27:40 | Queue | Villager (Male) |
| 27:40 | Queue | Villager (Male) |
| 27:47 | Queue | Villager (Male) |
| 27:47 | Queue | Villager (Male) |
| 28:16 | Queue | Villager (Male) |
| 28:19 | Queue | Konnik |
| 28:24 | Queue | Konnik |
| 28:28 | Build | Farm |
| 28:30 | Build | Farm |
| 28:33 | Build | Farm |
| 28:51 | Queue | Villager (Male) |
| 28:51 | Queue | Villager (Male) |
| 29:00 | Queue | Konnik ×3 |
| 29:06 | Build | Monastery |
| 29:23 | Queue | Villager (Male) |
| 29:23 | Queue | Villager (Male) |
| 29:29 | Research | Devotion |
| 29:35 | Build | House |
| 29:35 | Build | House |
| 29:36 | Build | House |
| 29:44 | Build | Mining Camp |
| 29:50 | Queue | Villager (Male) |
| 29:52 | Build | Farm |
| 29:54 | Build | Farm |
| 29:56 | Build | Farm |
| 30:21 | Queue | Monk |
| 30:27 | Build | Krepost |
| 30:31 | Queue | Villager (Male) |
| 30:31 | Queue | Villager (Male) |
| 30:33 | Queue | Konnik ×4 |
| 30:33 | Queue | Konnik ×4 |
| 30:38 | Build | Farm |
| 30:38 | Build | Farm |
| 30:39 | Build | Farm |
Build order — WryPig
First 150 of 390 actions detected
| 0:11 | Build | Town Center |
| 0:27 | Build | Dock |
| 1:51 | Build | Palisade Wall |
| 1:54 | Build | Palisade Wall |
| 1:56 | Build | Palisade Wall |
| 2:25 | Queue | Villager (Male) |
| 2:25 | Queue | Villager (Male) |
| 2:25 | Queue | Villager (Male) |
| 2:25 | Queue | Villager (Male) |
| 3:10 | Build | House |
| 3:13 | Research | Loom |
| 3:14 | Research | Loom |
| 3:14 | Queue | Villager (Male) |
| 3:14 | Queue | Villager (Male) |
| 3:14 | Queue | Villager (Male) |
| 3:58 | Queue | Villager (Male) |
| 3:59 | Queue | Villager (Male) |
| 4:14 | Build | Palisade Wall |
| 4:15 | Build | Palisade Wall |
| 4:20 | Build | Palisade Wall |
| 4:25 | Build | Palisade Wall |
| 4:43 | Build | Palisade Wall |
| 4:45 | Queue | Villager (Male) |
| 4:45 | Queue | Villager (Male) |
| 4:58 | Build | House |
| 5:04 | Queue | Villager (Male) |
| 5:04 | Queue | Villager (Male) |
| 5:04 | Queue | Villager (Male) |
| 5:30 | Build | House |
| 5:40 | Queue | Villager (Male) |
| 5:41 | Queue | Villager (Male) |
| 5:57 | Build | Palisade Wall |
| 6:01 | Build | Palisade Wall |
| 6:07 | Queue | Villager (Male) |
| 6:20 | Build | Palisade Wall |
| 6:21 | Queue | Fishing Ship |
| 6:28 | Build | Palisade Wall |
| 6:31 | Build | Palisade Wall |
| 6:35 | Build | Palisade Wall |
| 6:45 | Queue | Villager (Male) |
| 6:45 | Queue | Villager (Male) |
| 7:15 | Build | House |
| 7:18 | Build | Palisade Wall |
| 7:20 | Build | Palisade Wall |
| 7:22 | Build | Palisade Wall |
| 7:39 | Queue | Fishing Ship |
| 7:39 | Queue | Fishing Ship |
| 7:44 | Queue | Villager (Male) |
| 7:49 | Build | House |
| 7:56 | Queue | Villager (Male) |
| 8:02 | Build | House |
| 8:07 | Queue | Villager (Male) |
| 8:17 | Queue | Villager (Male) |
| 8:33 | Queue | Fishing Ship |
| 8:44 | Queue | Villager (Male) |
| 8:44 | Queue | Villager (Male) |
| 8:54 | Build | Lumber Camp |
| 9:13 | Build | House |
| 9:18 | Queue | Villager (Male) |
| 9:19 | Queue | Fishing Ship |
| 9:43 | Queue | Villager (Male) |
| 10:10 | Queue | Fishing Ship |
| 10:19 | Build | House |
| 10:42 | Queue | Villager (Male) |
| 10:42 | Queue | Villager (Male) |
| 10:51 | Build | Mill |
| 10:54 | Queue | Fishing Ship |
| 11:10 | Queue | Fishing Ship |
| 11:25 | Build | Palisade Wall |
| 11:29 | Queue | Villager (Male) |
| 11:34 | Queue | Villager (Male) |
| 11:42 | Build | House |
| 12:33 | Queue | Villager (Male) |
| 12:54 | Queue | Villager (Male) |
| 13:06 | Queue | Villager (Male) |
| 13:22 | Build | Dock |
| 13:31 | Research | Feudal Age |
| 13:31 | Research | Feudal Age |
| 13:31 | Research | Feudal Age |
| 14:15 | Build | House |
| 14:41 | Queue | Villager (Male) |
| 14:41 | Queue | Villager (Male) |
| 14:47 | Build | Barracks |
| 15:11 | Build | House |
| 15:13 | Build | House |
| 15:30 | Build | Dock |
| 15:40 | Queue | Villager (Male) |
| 15:41 | Queue | Villager (Male) |
| 15:58 | Age | Feudal Age |
| 16:01 | Queue | Unit 2626 |
| 16:02 | Queue | Unit 2626 |
| 16:02 | Queue | Unit 2626 |
| 16:16 | Build | Market |
| 16:22 | Queue | Villager (Male) |
| 16:24 | Research | Double-Bit Axe |
| 16:32 | Queue | Unit 2626 |
| 16:32 | Queue | Unit 2626 |
| 16:52 | Build | Mining Camp |
| 17:04 | Queue | Unit 2626 |
| 17:04 | Queue | Unit 2626 |
| 17:04 | Queue | Villager (Male) |
| 17:45 | Queue | Villager (Male) |
| 17:51 | Build | Blacksmith |
| 18:30 | Research | Castle Age |
| 18:30 | Research | Castle Age |
| 18:30 | Research | Castle Age |
| 18:34 | Build | Mill |
| 18:47 | Research | Tech 906 |
| 18:47 | Research | Tech 906 |
| 18:48 | Queue | Fishing Ship |
| 18:48 | Queue | Fishing Ship |
| 18:48 | Queue | Fishing Ship |
| 19:00 | Build | Stone Wall |
| 19:11 | Research | Fletching |
| 19:12 | Research | Fletching |
| 19:13 | Queue | Galley |
| 19:14 | Queue | Galley |
| 19:14 | Queue | Galley |
| 19:31 | Queue | Villager (Male) |
| 20:17 | Build | House |
| 20:17 | Build | House |
| 20:24 | Queue | Galley ×2 |
| 20:29 | Build | House |
| 20:32 | Queue | Villager (Male) |
| 21:10 | Age | Castle Age |
| 21:23 | Build | Castle |
| 21:33 | Research | Bodkin Arrow |
| 21:33 | Research | Bodkin Arrow |
| 21:34 | Queue | Villager (Male) |
| 21:34 | Queue | Villager (Male) |
| 21:54 | Build | Monastery |
| 21:57 | Queue | Villager (Male) |
| 21:57 | Queue | Villager (Male) |
| 22:17 | Build | Lumber Camp |
| 22:20 | Build | Farm |
| 22:59 | Queue | Monk |
| 23:00 | Queue | Monk |
| 23:01 | Queue | Villager (Male) |
| 23:01 | Queue | Villager (Male) |
| 23:09 | Queue | Villager (Male) |
| 23:09 | Queue | Villager (Male) |
| 23:14 | Build | Farm |
| 23:18 | Queue | Monk |
| 23:23 | Build | Town Center |
| 23:32 | Build | House |
| 23:33 | Build | House |
| 24:03 | Queue | Monk |
| 24:08 | Queue | Villager (Male) |
| 24:08 | Queue | Villager (Male) |
| 24:10 | Build | House |
Match timeline
| 0:27 | WryPig · first_building Dock |
| 1:51 | WryPig · wall_segment Palisade Wall x1 |
| 1:54 | WryPig · wall_segment Palisade Wall x1 |
| 1:56 | WryPig · wall_segment Palisade Wall x1 |
| 2:03 | Dr Zenit · first_building Dock |
| 4:14 | WryPig · wall_segment Palisade Wall x1 |
| 4:15 | WryPig · wall_segment Palisade Wall x1 |
| 4:20 | WryPig · wall_segment Palisade Wall x1 |
| 4:25 | WryPig · wall_segment Palisade Wall x1 |
| 4:43 | WryPig · wall_segment Palisade Wall x1 |
| 5:29 | Dr Zenit · wall_segment Palisade Wall x1 |
| 5:57 | WryPig · wall_segment Palisade Wall x1 |
| 6:01 | WryPig · wall_segment Palisade Wall x1 |
| 6:20 | WryPig · wall_segment Palisade Wall x1 |
| 6:28 | WryPig · wall_segment Palisade Wall x1 |
| 6:31 | WryPig · wall_segment Palisade Wall x1 |
| 6:35 | WryPig · wall_segment Palisade Wall x1 |
| 7:18 | WryPig · wall_segment Palisade Wall x1 |
| 7:20 | WryPig · wall_segment Palisade Wall x1 |
| 7:22 | WryPig · wall_segment Palisade Wall x1 |
| 11:25 | WryPig · wall_segment Palisade Wall x13 |
| 14:47 | WryPig · first_building Barracks |
| 15:12 | Dr Zenit · age_up feudal |
| 15:58 | WryPig · age_up feudal |
| 16:05 | Dr Zenit · first_market_sell 100 wood |
| 18:49 | Dr Zenit · age_up castle |
| 18:58 | Dr Zenit · first_building Krepost |
| 19:00 | WryPig · wall_segment Stone Wall x3 |
| 21:10 | WryPig · age_up castle |
| 21:18 | WryPig · first_market_buy 100 stone |
| 21:19 | WryPig · first_market_sell 100 food |
| 21:23 | WryPig · first_building Castle |
| 21:54 | WryPig · first_building Monastery |
| 24:21 | Dr Zenit · first_market_buy 100 food |
| 29:06 | Dr Zenit · first_building Monastery |
| 31:52 | WryPig · wall_segment Palisade Wall x1 |
| 31:56 | Dr Zenit · first_building Siege Workshop |
| 32:39 | Dr Zenit · wall_segment Stone Wall x2 |
| 34:00 | WryPig · first_building Stable |
| 36:25 | WryPig · wall_segment Palisade Wall x1 |
| 36:32 | Dr Zenit · first_building Barracks |
| 36:47 | WryPig · age_up imperial |
| 37:05 | Dr Zenit · first_building Stable |
| 41:55 | Dr Zenit · resign |
[ AI ANALYSIS · 1 CREDIT ]
What really happened in this match?
Wolo.gg analyzes every decision: build order, eco, micro, common mistakes by bracket. Personalized analysis on WhatsApp or Discord in 30 seconds.
Civ guide
Bulgarians
Perfil
Jugador #18933322